 Dungeon Crawl Stone Soup version 0.19-a0-1210-g5c1aa26 (webtiles) character file.

1581 Duffy the Blocker (level 8, -7/70 HPs)
             Began as a Minotaur Fighter on Aug 22, 2016.
             Was a Priest of Cheibriados.
             Killed from afar by Ijustatesigmund's ghost (14 damage)
             ... with a magic dart
             ... on level 6 of the Dungeon.
             The game lasted 00:06:26 (5702 turns).

Duffy the Blocker (Minotaur Fighter)                Turns: 5702, Time: 00:06:27

Health: -7/70      AC: 11    Str: 35    XL:     8   Next: 60%
Magic:  7/7        EV:  9    Int: 11    God:    Cheibriados [***...]
Gold:   219        SH: 13    Dex: 15    Spells: 1 memorised, 6 levels left

rFire  . . .     SeeInvis .     a - +0 morningstar
rCold  . . .     Gourm    .     t - +3 scale mail
rNeg   + . .     Faith    .     c - +0 shield
rPois  +         Spirit   .     (helmet restricted)
rElec  .         Dismiss  .     (no cloak)
rCorr  .         Reflect  .     y - +0 pair of gloves
MR     .....     Harm     .     (no boots)
Stlth  ..........               (no amulet)
                                E - ring of positive energy
                                e - ring of poison resistance

@: mighty, very slow
A: retaliatory headbutt, horns 2
a: Bend Time, Temporal Distortion, Renounce Religion


You were on level 6 of the Dungeon.
You worshipped Cheibriados.
Cheibriados was most pleased with you.
You were not hungry.

You visited 2 branches of the dungeon, and saw 7 of its levels.

You collected 264 gold pieces.
You spent 45 gold pieces at shops.

Inventory:

Hand Weapons
 a - a +0 morningstar (weapon)
Missiles
 D - 8 curare-tipped needles
Armour
 c - a +0 shield (worn)
 t - a +3 scale mail (worn)
 y - a +0 pair of gloves (worn)
Jewellery
 e - a ring of poison resistance (left hand)
 E - a ring of positive energy (right hand)
Wands
 k - a wand of lightning (9/15)
 C - a wand of slowing (37/48)
 F - a wand of acid (4/15)
Scrolls
 g - a scroll of amnesia {unknown}
 h - 5 scrolls of remove curse {unknown}
 i - 5 scrolls of enchant armour {unknown}
 m - 3 scrolls of identify {unknown}
 n - 3 scrolls of blinking {unknown}
 o - a scroll of immolation {unknown}
 q - 2 scrolls of teleportation {unknown}
 v - 2 scrolls of fog {unknown}
 A - 3 scrolls of recharging {unknown}
 B - a scroll of magic mapping {unknown}
Potions
 d - a potion of might
 j - 3 potions of curing
 l - a potion of haste {unknown}
 p - 4 potions of heal wounds {unknown}
 u - a potion of agility {unknown}
 w - a potion of cancellation {unknown}
Comestibles
 b - 3 beef jerkies
 f - 3 bread rations
 r - 3 slices of pizza
 s - 3 meat rations
 x - a royal jelly
 z - 2 chunks of flesh


   Skills:
 - Level 6.0 Fighting
 + Level 8.6 Maces & Flails
 + Level 4.5 Armour
 + Level 9.1 Shields


You had 6 spell levels left.
You knew the following spells:

 Your Spells              Type           Power        Failure   Level  Hunger
a - Apportation           Tloc           #.........   96%         1    ##.....


Dungeon Overview and Level Annotations

Branches:
Dungeon (6/15)             Temple (1/1) D:5

Altars:
Ashenzari
Cheibriados
Dithmenos
Elyvilon
Fedhas
Gozag
Kikubaaqudgha
Makhleb
Nemelex Xobeh
Okawaru
Qazlal
Sif Muna
Trog
Uskayaw
Vehumet
Xom
Yredelemnul
Zin
The Shining One

Shops:
D:5 *

Annotations:
D:6 Ijustatesigmund's ghost, novice OpCj


Innate Abilities, Weirdness & Mutations

You reflexively headbutt those who attack you in melee.
You have a pair of horns on your head.


Message History

The spray of energy hits you!
You bump into the rock wall.
Ijustatesigmund's ghost stares at you and mumbles some strange words.
The spray of energy misses you.
It was a potion of curing.
You feel better.
Ijustatesigmund's ghost stares at you and mumbles some strange words.
The magic dart hits you!
You barely miss Ijustatesigmund's ghost.
Ijustatesigmund's ghost is moderately damaged.
Ijustatesigmund's ghost hits you.
You are electrocuted!
You sock Ijustatesigmund's ghost!
Your headbutt misses Ijustatesigmund's ghost.
Ijustatesigmund's ghost is heavily damaged.
You block Ijustatesigmund's ghost's attack.
You bludgeon Ijustatesigmund's ghost!!
Your headbutt misses Ijustatesigmund's ghost.
Ijustatesigmund's ghost is severely damaged.
Ijustatesigmund's ghost stares at you and mumbles some strange words.
The magic dart hits you!
You die...

#.......### #.#
##.....## ##.#
##...## #..# #####
#.## #.# . #.# ...
#.#
.....###########.#
.......W@........#
...###############


You could see Ijustatesigmund's ghost.

Vanquished Creatures
  Sigmund (D:6)
  2 ogres (D:6)
  A centaur (D:5)
  A giant frog (D:6)
  4 scorpions
  A howler monkey (D:4)
  A crimson imp (D:5)
  3 hounds
  4 orc priests
  6 orc wizards
  Jessica (D:2)
  2 iguanas
  7 worker ants
  6 adders
  A gnoll (D:1)
  An ooze (D:1)
  4 worms
  A dart slug (D:4)
  A giant gecko (D:2)
  25 orcs
  4 giant cockroaches
  5 goblins
  11 hobgoblins
  18 jackals
  6 kobolds
  4 quokkas
  10 bats
  A giant cockroach zombie (D:5)
  9 giant newts
  3 quokka skeletons
  10 rats
154 creatures vanquished.

Notes
Turn   | Place    | Note
-------+----------+-------------------------------------------
     0 | D:1      | Duffy the Minotaur Fighter began the quest for the Orb.
     0 | D:1      | Reached XP level 1. HP: 19/19 MP: 0/0
   298 | D:2      | Reached skill level 4 in Shields
   504 | D:2      | Reached XP level 2. HP: 26/26 MP: 1/1
   691 | D:3      | Reached XP level 3. HP: 27/31 MP: 2/2
  1166 | D:3      | Reached XP level 4. HP: 38/39 MP: 3/3
  1222 | D:4      | Found a radiant altar of Vehumet.
  1222 | D:4      | Found a shimmering altar of Xom.
  1250 | D:4      | Reached skill level 5 in Shields
  1536 | D:5      | Entered Level 5 of the Dungeon
  1554 | D:5      | Reached XP level 5. HP: 45/45 MP: 4/4
  1668 | D:5      | Reached skill level 5 in Maces & Flails
  1805 | D:4      | Reached skill level 6 in Shields
  1825 | D:4      | Reached XP level 6. HP: 44/51 MP: 5/5
  2112 | D:4      | Reached skill level 7 in Shields
  2470 | D:5      | Found a staircase to the Ecumenical Temple.
  2482 | Temple   | Entered the Ecumenical Temple
  2795 | D:3      | Reached XP level 7. HP: 56/57 MP: 6/6
  3015 | D:2      | Found a snail-covered altar of Cheibriados.
  3043 | D:2      | Became a worshipper of Cheibriados the Contemplative
  3480 | D:1      | Reached * piety under Cheibriados
  3753 | D:2      | Found a shimmering altar of Xom.
  3753 | D:2      | Found a shimmering altar of Xom.
  3754 | D:2      | Found a shimmering altar of Xom.
  3755 | D:2      | Found a shimmering altar of Xom.
  4098 | D:2      | Noticed Jessica
  4101 | D:2      | Killed Jessica
  4612 | D:5      | Reached ** piety under Cheibriados
  4845 | D:5      | Reached skill level 5 in Fighting
  4867 | D:5      | Found Qotrak's General Store.
  4870 | D:5      | Bought a potion of mutation for 32 gold pieces
  4870 | D:5      | Bought a potion of degeneration for 13 gold pieces
  5016 | D:5      | Reached skill level 8 in Shields
  5240 | D:6      | Reached XP level 8. HP: 45/68 MP: 7/7
  5434 | D:6      | Learned a level 1 spell: Apportation
  5565 | D:6      | Found an iron altar of Okawaru.
  5673 | D:6      | Noticed Sigmund
  5674 | D:6      | Noticed Ijustatesigmund's ghost (novice OpCj)
  5684 | D:6      | Killed Sigmund
  5684 | D:6      | Reached skill level 9 in Shields
  5687 | D:6      | Reached *** piety under Cheibriados
  5702 | D:6      | Killed from afar by Ijustatesigmund's ghost

Vault maps used:
D:1:      evilmike_arrival_hilbert_curve
D:2:      lemuel_doored_altar, grunt_ministairs_3, minivault_25,
          minmay_misc_feat_diagonals, xom_redecorated, uniq_jessica
D:3:      first_bread
D:4:      gammafunk_temple_overflow_elements
D:5:      serial_shops, kennysheep_mini_moat
D:6:      lemuel_round_altar, st_stairs_8, uniq_sigmund
Temple:   regret_index_temple_waves

Skill      XL: |  1  2  3  4  5  6  7  8 |
---------------+-------------------------+-----
Shields        | 4 5 6 7 8 9 |  9.1
Maces & Flails | 3 4 5 6 7 8 |  8.6
Fighting       | 5 6 |  6.0
Armour         | 4 |  4.5

Action                   |  1- 3 |  4- 6 |  7- 9 || total
-------------------------+-------+-------+-------++-------
Melee: Flail             |    94 |    25 |       ||   119
       Headbutt          |     9 |    21 |    43 ||    73
       Morningstar       |       |   115 |   204 ||   319
  Use: Potion            |       |     1 |     2 ||     3
  Eat: Chunk             |       |     6 |     6 ||    12
Armor: Scale mail        |    41 |    59 |    85 ||   185
Dodge: Dodged            |    23 |    32 |    45 ||   100
Block: Shield            |    58 |    69 |   145 ||   272
